 Seeded DCSS version 0.27-a0-1105-g946c659c87 (webtiles) character file.

Game seed: 20210428 (custom seed)

254 Snicker the Sneak (level 5, -1/39 HPs)
             Began as a Demonspawn Brigand on Apr 28, 2021.
             Succumbed to a scorpion's poison
             ... on level 4 of the Dungeon on Apr 29, 2021.
             The game lasted 00:06:37 (4575 turns).

Snicker the Sneak (Demonspawn Brigand)              Turns: 4575, Time: 00:06:38

Health: -1/39      AC:  9    Str: 13    XL:     5   Next: 90%
Magic:  5/5        EV: 12    Int: 12    God:
Gold:   161        SH:  0    Dex: 14    Spells: 4/4 levels left

rFire    . . .     SeeInvis .   b - +1 whip (elec)
rCold    . . .     Faith    .   (no shield)
rNeg     . . .     Spirit   .   D - +0 leather armour
rPois    .         Reflect  .   q - +1 hat
rElec    .         Harm     .   c - +0 cloak
rCorr    .         Rampage  .   A - +2 pair of gloves
Will     .....                  j - +0 pair of boots
Stlth    +++.......             (no amulet)
HPRegen  0.13/turn              (no ring)
MPRegen  0.09/turn              (no ring)

@: lethally poisoned (-1 -> -8), attractive, very slightly contaminated,
invisible
A: talons 2, spiny 1
a: no special abilities


You were on level 4 of the Dungeon.
You visited 1 branch of the dungeon, and saw 4 of its levels.
You also visited: Sewer.

You collected 161 gold pieces.

Inventory:

Hand Weapons
 a - a +2 dagger
 b - a +1 whip of electrocution (weapon)
Missiles
 d - 10 poisoned darts (quivered)
 e - 2 curare-tipped darts
 h - 3 throwing nets
Armour
 c - a +0 cloak (worn)
 j - a +0 pair of boots (worn)
 q - a +1 hat (worn)
 r - a +0 robe
 A - a +2 pair of gloves (worn)
 D - a +0 leather armour (worn)
Jewellery
 k - an amulet of faith
Scrolls
 f - a scroll of enchant weapon {unknown}
 g - 3 scrolls of amnesia {unknown}
 i - a scroll of summoning {unknown}
 l - a scroll of vulnerability {unknown}
 m - 5 scrolls of identify {unknown}
 p - a scroll of fear {unknown}
 t - a scroll of blinking {unknown}
 u - a scroll of fog {unknown}
 v - a scroll of teleportation {unknown}
 y - a scroll of noise {unknown}
Potions
 o - a potion of curing {unknown}
 s - a potion of might {unknown}
 w - a potion of flight
 x - a potion of invisibility
 z - a potion of degeneration {unknown}
 B - a potion of magic {unknown}
 C - a potion of brilliance {unknown}


   Skills:
 + Level 2.3 Fighting
 * Level 2.9 Short Blades
 + Level 1.0 Maces & Flails
 + Level 1.8 Throwing
 * Level 2.1 Dodging
 * Level 5.6 Stealth


You had 4 spell levels left.
You didn't know any spells.
Your spell library contained the following spells:

 Spells                   Type           Power      Damage    Failure   Level
 Corona                   Hex            0%         N/A       38%         1
 Ensorcelled Hibernation  Hex/Ice        0%         N/A       54%         2
 Confusing Touch          Hex            0%         N/A       77%         3
 Dazzling Flash           Conj/Hex       0%         N/A       77%         3
 Tukima's Dance           Hex            0%         N/A       77%         3


Dungeon Overview and Level Annotations

Branches:
Dungeon (4/15)              Sewer (visited)
 Temple: D:4-7

Altars:
Ashenzari
Hepliaklqana
Nemelex Xobeh
Uskayaw
Zin

Annotations:
D:3 3 runed translucent doors, Snicker's ghost, weakling DsBr


Innate Abilities, Weirdness & Mutations

You have razor-sharp toenails.
You are partially covered in sharp spines.


Message History

You hear the crackle of electricity.
b - a +1 whip of electrocution (weapon)
The scorpion stings you.
You are poisoned.
The scorpion poisons you!
You completely miss the scorpion.
You feel very sick. The scorpion barely misses you.
You hit the scorpion.
The scorpion is lightly wounded.
You feel sick. The scorpion barely misses you. The scorpion stings you.
You hit the scorpion but do no damage.
You feel sick. The scorpion closely misses you.
You barely miss the scorpion.
You feel sick. The scorpion closely misses you.
You barely miss the scorpion.
You feel sick.
The scorpion stings you but does no damage.
You barely miss the scorpion.
You feel sick. The scorpion stings you. The scorpion closely misses you.
You hit the scorpion but do no damage.
You feel sick. The scorpion stings you.
You hit the scorpion but do no damage. Lightning courses through the scorpion!
The scorpion is heavily wounded.
You feel sick. The scorpion is struck by your spines. The scorpion misses you.
You hit the scorpion but do no damage.
The scorpion is severely wounded.
You feel sick.
You are no longer poisoned.
The scorpion barely misses you. The scorpion is struck by your spines.
The scorpion stings you.
* * * LOW HITPOINT WARNING * * *
You are lethally poisoned!
The scorpion poisons you!
It was a potion of invisibility.
You fade into invisibility!
* * * LOW HITPOINT WARNING * * *
You feel sick. The scorpion is struck by your spines. The scorpion stings you.
* * * LOW HITPOINT WARNING * * *
You are very lightly contaminated with residual magic.
It was a potion of attraction.
You feel attractive to monsters.
You die...

####..# #
#############P.#P#...#
......................
#############..###..P ##
.# ##..#.P§...... .#
#.§.§.§.#.PP# .#
##P.#..P....# .#
#P§P.##§P.#
.############P..@sP..#
..............PPP.......
###############P....##..
### #####.# ..# .# ..# #
..# ### #


You could see a scorpion.

Vanquished Creatures
  A water moccasin skeleton (D:4)
  An orc priest (D:4)
  A killer bee zombie (D:4)
  3 adders
  A dart slug (D:1)
  6 worms
  6 orcs
  12 ball pythons
  13 bats
  5 endoplasms
  3 giant cockroaches
  9 goblins
  8 hobgoblins
  10 jackals
  7 kobolds
  2 quokkas
  7 frilled lizards
  4 rats
99 creatures vanquished.

Vanquished Creatures (others)
  A dart slug (D:1)
  A bat (D:1)
  A quokka (D:4)
3 creatures vanquished.

Grand Total: 102 creatures vanquished

Notes
Turn   | Place    | Note
-------+----------+-------------------------------------------
     0 | D:1      | Snicker the Demonspawn Brigand began the quest for the Orb.
     0 | D:1      | Reached XP level 1. HP: 16/16 MP: 1/1
   249 | D:1      | Reached skill level 4 in Stealth
   280 | D:1      | Gained mutation: You are partially covered in sharp spines.
                  | [demonic ancestry]
   280 | D:1      | Reached XP level 2. HP: 8/22 MP: 2/2
   483 | D:1      | Found a faded altar of an unknown god.
   547 | D:1      | Reached skill level 1 in Dodging
  1166 | D:2      | Found a hide-covered altar of Uskayaw.
  1354 | D:2      | Gained mutation: You have sharp toenails. [demonic
                  | ancestry]
  1354 | D:2      | Reached XP level 3. HP: 27/27 MP: 3/3
  2331 | D:3      | Reached XP level 4. HP: 26/33 MP: 4/4
  2729 | D:3      | Found a hide-covered altar of Uskayaw.
  2849 | D:3      | Found a broken altar of Ashenzari.
  2887 | D:3      | Found a runed translucent gate.
  2887 | D:3      | Found a runed translucent gate.
  2889 | D:3      | Found a runed translucent gate.
  2891 | D:3      | Noticed Snicker's ghost (weakling DsBr)
  2962 | D:3      | Found a glowing drain.
  2976 | Sewer    | Entered a sewer
  2985 | Sewer    | Reached skill level 5 in Stealth
  3303 | Sewer    | Upgraded the game from 0.27-a0-1101-ge311f74bc8 to
                  | 0.27-a0-1105-g946c659c87
  3527 | Sewer    | Gained mutation: You have razor-sharp toenails. [demonic
                  | ancestry]
  3527 | Sewer    | Reached XP level 5. HP: 38/38 MP: 5/5
  4342 | D:4      | Found a sparkling altar of Nemelex Xobeh.
  4522 | D:4      | Reached skill level 1 in Maces & Flails
  4551 | D:4      | Found a hazy altar of Hepliaklqana.
  4574 | D:4      | HP: 1/39 [scorpion (5)]
  4575 | D:4      | Succumbed to a scorpion's poison

Illustrated notes

Levels and vault maps discovered:
D:1:      psy_arrival_terrarium, layout_loops_cross,
          hellmonk_ecumenical_altar_crossroads, minivault_26,
          lemuel_flame_loot_1
D:2:      layout_loops_corners, basic_altar, amethyst_killhole
D:3:      layout_rooms, lemuel_tele_altar, nicolae_uskayaw_dance_hall,
          nicolae_ashenzari_skybound, gammafunk_ghost_necromancy,
          portal_sewer_entry_b, guppyfry_early_orc_mine
D:4:      layout_basic, elyvilon_altar_4, nicolae_overflow_crystal_walls,
          slow_altar_2, nicolae_hepliaklqana_hazy_memory,
          minmay_temple_entry_slanted, uniq_eustachio

Skill      XL: |  1  2  3  4  5 |
---------------+----------------+-----
Stealth        | 4 5 |  5.6
Dodging        | 1 2 |  2.1
Short Blades   | 2 |  2.9
Maces & Flails | 1 |  1.0
Fighting       | |  2.3
Throwing       | |  1.8

Action                   |  1- 3 |  4- 6 || total
-------------------------+-------+-------++-------
Melee: Dagger            |    88 |    34 ||   122
       Whip              |       |    62 ||    62
  Use: Potion            |       |     3 ||     3
 Stab: Sleeping          |     8 |    13 ||    21
       Distracted        |     1 |       ||     1
Armor: Robe              |    21 |    22 ||    43
       Leather armour    |       |     3 ||     3
Dodge: Dodged            |    38 |    56 ||    94

Table legend: (Time is in decaauts)
 A = Elapsed time spent in this place.
 B = Non-inter-level travel time spent in this place.
 C = Inter-level travel time spent in this place.
 D = Time resting spent in this place.
 E = Time spent auto-exploring this place.
 F = Levels seen in this place.
 G = Mean time per level.
                   A        B        C        D        E       F      G
               +--------+--------+--------+--------+--------+-----+--------+
         Total |   4731 |   4654 |     77 |    291 |   3389 |   5 |  946.2 |
       Dungeon |   3840 |   3763 |     77 |    198 |   2967 |   4 |  960.0 |
         Sewer |    890 |    890 |      0 |     93 |    421 |   1 |  890.0 |
               +--------+--------+--------+--------+--------+-----+--------+

Top non-repeatable levels by time:
     D:2: 1188 daAuts
     D:1: 1105 daAuts
     D:3: 1028 daAuts
   Sewer: 890 daAuts
     D:4: 517 daAuts
